 Dungeon Crawl Stone Soup version 0.30.1-3-gfc49f6343a (webtiles) character file.

Game seed: 9456425557591879889

186 Draugr the Firebug (level 5, 0/29 HPs)
             Began as a Deep Elf Fire Elementalist on Aug 5, 2023.
             Slain by an orc
             ... wielding a +0 flail
              (6 damage)
             ... on level 4 of the Dungeon.
             The game lasted 00:09:26 (3716 turns).

Draugr the Firebug (Deep Elf Fire Elementalist)     Turns: 3716, Time: 00:09:27

Health: 0/29       AC:  5    Str:  5    XL:     5   Next: 38%
Magic:  21/21      EV: 13    Int: 24    God:
Gold:   140        SH:  0    Dex: 17    Spells: 2/11 levels left

rFire   . . .        k - +2 dagger (vamp)
rCold   x . .        (no shield)
rNeg    . . .        a - +0 robe
rPois   .            m - +2 helmet "Tekhlu Aq Son" {rElec rC- rCorr Int+2 Dex+2}
rElec   +            (no cloak)
rCorr   +            (no gloves)
SInv    .            (no boots)
Will    .....        (no amulet)
Stlth   +++          g - ring of magical power
HPRegen 0.24/turn    (no ring)
MPRegen 0.17/turn

%: no passive effects
@: no status effects
A: no striking features
a: no special abilities


You were on level 4 of the Dungeon.
You visited 1 branch of the dungeon, and saw 4 of its levels.

You collected 140 gold pieces.

Inventory:

Hand Weapons
 i - a +0 dagger of holy wrath
 k - a +2 vampiric dagger (weapon)
 l - a +2 dagger of venom
Armour
 a - a +0 robe (worn)
 m - the +2 helmet "Tekhlu Aq Son" (worn) {rElec rC- rCorr Int+2 Dex+2}
   (You took it off Robin on level 2 of the Dungeon)

   Int:       It affects your intelligence (+2).
   Dex:       It affects your dexterity (+2).
   rC:        It makes you vulnerable to cold.
   rElec:     It insulates you from electricity.
   rCorr:     It protects you from acid and corrosion.
Jewellery
 g - a ring of magical power (left hand)
Wands
 q - a wand of iceblast (9)
Scrolls
 c - a scroll of poison {unknown}
 e - a scroll of brand weapon {unknown}
 h - 3 scrolls of identify {unknown}
 j - a scroll of enchant armour {unknown}
 o - a scroll of teleportation {unknown}
 p - a scroll of fear {unknown}
Potions
 b - a potion of magic
 d - 2 potions of flight {unknown}
 f - 2 potions of might {unknown}
 n - a potion of curing {unknown}
 r - a potion of resistance {unknown}
 s - a potion of heal wounds {unknown}


   Skills:
 - Level 1.0 Fighting
 - Level 1.9 Short Blades
 - Level 2.4 Dodging
 - Level 4.0 Stealth
 + Level 3.7 Spellcasting
 - Level 1.1 Conjurations
 - Level 1.3 Hexes
 - Level 4.8 Fire Magic


You had 2 spell levels left.
You knew the following spells:

 Your Spells              Type           Power      Damage    Failure   Level
a - Foxfire               Conj/Fire      72%        2x1d7     3%          1
b - Scorch                Fire           54%        2d7       2%          2
c - Inner Flame           Hex/Fire       19%        N/A       9%          3
d - Volatile Blastmotes   Fire/Tloc      32%        2d12      11%         3

Your spell library contained the following spells:

 Spells                   Type           Power      Damage    Failure   Level
 Cigotuvi's Dreadful Rot  Necr/Pois/Air  8%         N/A       16%         2
 Ignite Poison            Fire/Tmut/Pois 12%        N/A       16%         3
 Ozocubu's Armour         Ice            4%         N/A       30%         3
 Vhi's Electric Charge    Tloc/Air       8%         N/A       30%         3
 Flame Wave               Conj/Fire      18%        2d7       30%         4
 Arcjolt                  Conj/Air       3%         1d13      92%         5
 Freezing Cloud           Conj/Ice/Air   3%         6-21      94%         5
 Plasma Beam              Fire/Air       8%         2x1d20    99%         6
 Ozocubu's Refrigeration  Ice            2%         4d7       100%        7


Dungeon Overview and Level Annotations

Branches:
Dungeon (4/15)
 Temple: D:4-7

Altars:
Ru

Shops:
D:4 :

Portals:
Abyss: D:3

Annotations:
D:3 2 transporters, Atelerd's ghost, amateur OpEE


Message History

Flames lash the worm.
The worm is moderately wounded.
The worm's fire resistance burns away.
Casting: Scorch (safe; 2% risk of failure)
Confirm with . or Enter, or press ? or * to list all spells.
Flames lash the worm.
The worm is burned terribly!
You kill the worm!
Magic restored.
Found a scale mail.
You see here a +0 scale mail.
An endoplasm comes into view.
Found a hand axe.
The endoplasm moves out of view.
An orc wizard comes into view. It is wielding a +0 dagger.
You start waiting.
Done waiting. 2 orcs and an orc priest come into view.
The orc priest is wielding a +0 short sword of holy wrath.
The helpless orc wizard fails to defend itself.
You impale the orc wizard!!
You kill the orc wizard!
The helpless orc fails to defend itself.
You impale the orc!!
You kill the orc!
An orc priest comes into view. It is wielding a +0 flail.
Found a scroll labelled PYIVOG XEDD.
The orc priest shouts!
The orc shouts!
The orc priest shouts!
The orc priest hits you with a +0 short sword of holy wrath.
The orc hits you with a +0 flail.
The orc priest mumbles some strange prayers to Beogh against you.
Beogh smites you!
Things that are here:
a +0 whip; an orc corpse The orc attacks as you move away!
The orc hits you with a +0 flail.
The orc priest begins to cast a cantrip, but forgets the words!
The orc attacks as you move away! The orc closely misses you.
The orc attacks as you move away! The orc completely misses you.
The orc attacks as you move away! The orc hits you with a +0 flail!
* * * LOW HITPOINT WARNING * * *
The orc attacks as you move away! The orc hits you with a +0 flail.
You die...

#### #.. ####### #.#
#.)...###.###
#####.#...o.o.).#
#.......#@###.#.....#
#.###.###.# #)# .....
#.# #.....# #oo.o...#
#[# ####### ####.##.#
#.### # # #...# ###.#
####### #.# #.....#
#.# #.....#


You could see an orc priest and an orc.

Vanquished Creatures
  Jessica (D:2)
  An iguana (D:3)
  An orc wizard (D:4)
  Robin (D:2)
  2 adders
  2 worms
  An orc (D:4)
  A bat (D:2)
  10 endoplasms
  4 giant cockroaches
  14 goblins
  8 hobgoblins
  3 jackals (D:3)
  A quokka (D:1)
  4 ball pythons
  3 frilled lizards
  8 kobolds
  4 rats
69 creatures vanquished.

Vanquished Creatures (others)
  163 foxfires
163 creatures vanquished.

Grand Total: 232 creatures vanquished

Notes
Turn   | Place    | Note
-------+----------+-------------------------------------------
     0 | D:1      | Draugr the Deep Elf Fire Elementalist began the quest for
                  | the Orb.
     0 | D:1      | Reached XP level 1. HP: 10/10 MP: 6/6
   174 | D:1      | Reached skill level 1 in Fighting
   224 | D:1      | Reached XP level 2. HP: 16/16 MP: 4/8
  1346 | D:1      | Reached XP level 3. HP: 20/20 MP: 5/9
  1703 | D:2      | Learned a level 2 spell: Scorch
  1707 | D:2      | Learned a level 3 spell: Inner Flame
  1714 | D:2      | Noticed Jessica
  1717 | D:2      | Killed Jessica
  1718 | D:2      | Reached skill level 1 in Short Blades
  2028 | D:2      | Identified the +2 helmet "Tekhlu Aq Son" {rElec rC- rCorr
                  | Int+2 Dex+2}
  2028 | D:2      | Noticed Robin
  2055 | D:2      | Reached skill level 1 in Hexes
  2064 | D:2      | Reached XP level 4. HP: 25/25 MP: 10/10
  2308 | D:2      | Killed Robin
  2660 | D:3      | Noticed Atelerd's ghost (amateur OpEE)
  2673 | D:3      | Noticed an ancient zyme
  3078 | D:3      | Noticed a small abomination
  3081 | D:3      | Noticed a small abomination
  3204 | D:3      | Reached XP level 5. HP: 29/29 MP: 11/11
  3245 | D:3      | Found a transporter.
  3260 | D:3      | Identified the +0 pair of gloves of the Elephant {*Slow
                  | rElec Will- Dex+5}
  3274 | D:3      | Found a transporter.
  3416 | D:3      | Found a one-way gate to the infinite horrors of the Abyss.
  3481 | D:4      | Found a sacrificial altar of Ru.
  3496 | D:4      | Learned a level 3 spell: Volatile Blastmotes
  3505 | D:4      | Found Ekuig's Book Shoppe.
  3716 | D:4      | Slain by an orc

Illustrated notes

Levels and vault maps discovered:
D:1:      dpeg_arrival_central, layout_basic
D:2:      wander_river, layout_basic, uniq_robin, uniq_jessica
D:3:      layout_basic, gammafunk_ghost_abyssal_escape
D:4:      layout_loops_cross, xom_butterflies, marbit_many_paths,
          nicolae_ru_sacrificial_ziggurat, minmay_temple_entry_tees,
          serial_shops, nicolae_shop_pleasant_corner_grove, uniq_menkaure

Skill      XL: |  1  2  3  4 |
---------------+-------------+-----
Fighting       | 1 |  1.0
Stealth        | 4 |  4.0
Short Blades   | 1 |  1.9
Hexes          | 1 |  1.3
Fire Magic     | 4 |  4.8
Dodging        | |  2.4
Spellcasting   | |  3.7
Conjurations   | |  1.1

Action                     |  1- 3 |  4- 6 || total
---------------------------+-------+-------++-------
  Melee: Dagger            |     8 |     5 ||    13
   Cast: Foxfire           |    66 |    46 ||   112
         Scorch            |     2 |     6 ||     8
   Stab: Sleeping          |     3 |     5 ||     8
 Armour: Robe              |     4 |       ||     4
  Dodge: Dodged            |    13 |     4 ||    17
